 Dungeon Crawl Stone Soup version 0.30-a0-1066-g63dfefce0d (webtiles) character file.

Game seed: 4888083280155595462

1694 IdlyInterested the Cutter (level 8, -4/62 HPs)
             Began as a Demonspawn Gladiator on Apr 12, 2023.
             Was a Follower of Makhleb.
             Slain by a killer bee (6 damage)
             ... on level 7 of the Dungeon.
             The game lasted 00:19:46 (4909 turns).

IdlyInterested the Cutter (Demonspawn Gladiator)    Turns: 4909, Time: 00:19:48

Health: -4/62      AC:  9    Str: 17    XL:     8   Next: 72%
Magic:  10/10      EV: 18    Int: 10    God:    Makhleb [*.....]
Gold:   297        SH:  0    Dex: 16    Spells: 7/7 levels left

rFire   + + .      SeeInvis .    q - +9 dagger of Haotora {flame, rF+ Str+2}
rCold   . . .      Faith    .    (no shield)
rNeg    . . .      Spirit   .    m - +3 leather armour {rF+}
rPois   .          Reflect  .    B - +0 helmet
rElec   .          Rampage  .    y - scarf {shadows}
rCorr   .                        (no gloves)
Will    .....                    (no boots)
Stlth   +                        (no amulet)
HPRegen 0.30/turn                i - +5 ring of evasion
MPRegen 0.12/turn                (no ring)

@: confused, lethally poisoned (-4 -> -14), ambrosia-drunk, weakened
A: hooves 1, icy blue scales 1, powered by death 1, powered by pain 2
a: Renounce Religion


You were on level 7 of the Dungeon.
You worshipped Makhleb.
Makhleb was aware of your devotion.
You visited 2 branches of the dungeon, and saw 8 of its levels.

You collected 297 gold pieces.

Inventory:

Hand Weapons
 a - a +2 rapier
 q - the +9 dagger of Haotora (weapon) {flame, rF+ Str+2}
   (You found it on level 3 of the Dungeon)

   Str:       It affects your strength (+2).
   rF:        It protects you from fire.
 u - a +2 vampiric dagger
 E - a +2 dagger of speed
Missiles
 d - 4 throwing nets
 e - a javelin
 f - 12 stones (quivered)
 l - 16 boomerangs
 x - 16 poisoned darts
Armour
 c - a +0 plate armour
 m - a +3 leather armour of fire resistance (worn)
 t - a +0 cloak
 y - a scarf of shadows (worn)
 A - a +0 troll leather armour
 B - a +0 helmet (worn)
Jewellery
 g - a ring of wizardry
 h - a ring of fire
 i - a +5 ring of evasion (left hand)
 p - an amulet of faith
Wands
 b - a wand of acid (6)
Scrolls
 C - 2 scrolls of enchant armour
 D - a scroll of blinking
 G - a scroll of vulnerability
 I - 2 scrolls of teleportation
 K - 2 scrolls of torment
 M - a scroll of silence
Potions
 j - 2 potions of lignification
 n - a potion of haste {unknown}
 o - a potion of flight {unknown}
 r - a potion of curing {unknown}
 s - a potion of berserk rage
 v - 2 potions of magic
 w - a potion of resistance {unknown}
 z - 3 potions of cancellation {unknown}
 F - a potion of attraction {unknown}
 H - 2 potions of degeneration {unknown}
 J - a potion of mutation {unknown}
Miscellaneous
 L - a piece from Xom's chessboard (15/15)


   Skills:
 - Level 5.0 Fighting
 * Level 7.1 Short Blades
 - Level 4.0 Throwing
 - Level 1.0 Armour
 - Level 4.0 Dodging
 - Level 1.0 Stealth
 + Level 2.9 Shields
 - Level 3.2 Invocations
 - Level 1.0 Evocations


You had 7 spell levels left.
You didn't know any spells.
Your spell library contained the following spells:

 Spells                   Type           Power      Damage    Failure   Level
 Magic Dart               Conj           0%         1d3       41%         1
 Ensorcelled Hibernation  Hex/Ice        0%         N/A       56%         2
 Passwall                 Tmut/Erth      0%         N/A       56%         2
 Searing Ray              Conj           0%         2d4       56%         2
 Ozocubu's Armour         Ice            0%         N/A       80%         3
 Spider Form              Tmut/Pois      0%         N/A       80%         3
 Swiftness                Air            0%         N/A       80%         3
 Anguish                  Hex/Necr       0%         N/A       99%         4
 Fulminant Prism          Conj/Hex       0%         3d5       99%         4
 Metabolic Englaciation   Hex/Ice        0%         N/A       100%        5
 Simulacrum               Ice/Necr       0%         N/A       100%        6
 Ozocubu's Refrigeration  Ice            0%         4d7       100%        7


Dungeon Overview and Level Annotations

Branches:
Dungeon (7/15)             Temple (1/1) D:4

Altars:
Cheibriados
Dithmenos
Fedhas
Hepliaklqana
Kikubaaqudgha
Makhleb
Nemelex Xobeh
Okawaru
Qazlal
Ru
Sif Muna
Trog
Uskayaw
Vehumet
Xom
Yredelemnul


Innate Abilities, Weirdness & Mutations

You have large cloven feet.
You are partially covered in icy blue scales. (AC +2)
You regenerate a little health from kills.
You sometimes gain power by taking damage.


Message History

The killer bee closely misses you. The killer bee barely misses you.
The gnoll bouda gazes fiercely through you!
You feel your attacks grow feeble. The killer bee stings you.
* * * LOW HITPOINT WARNING * * *
The killer bee misses you.
You hear an angry hiss.
You puncture the killer bee! You burn the killer bee.
Your kick misses the killer bee.
The killer bee is heavily wounded.
* * * LOW HITPOINT WARNING * * *
You feel very sick.
You hear a shout! x2
The bullfrog closely misses you. The killer bee misses you. x2
The gnoll bouda barks out a call to the hunt!
You hear an angry buzzing noise.
Aiming: Corrosive Bolt
Press: ? - help, Shift-Dir - straight line, f - orc
Aim: an orc, wielding a +0 flail (71% to hit)
The bolt of acid hits the killer bee!
The acid corrodes the killer bee!
The killer bee is almost dead.
The bolt of acid hits the orc!
The acid corrodes the orc!
You kill the orc!
Makhleb accepts your kill.
* * * LOW HITPOINT WARNING * * *
You feel very sick. The killer bee stings you!
* * * LOW HITPOINT WARNING * * *
The killer bee completely misses you.
The bullfrog hits you but does no damage.
The killer bee completely misses you. x2; The bullfrog hits you.
* * * LOW HITPOINT WARNING * * *
You are confused.
You feel invigorated.
* * * LOW HITPOINT WARNING * * *
You feel very sick. The killer bee closely misses you.
The killer bee misses you.
The bullfrog hits you but does no damage.
The killer bee stings you.
You die...

...............
#####'##.......
.......#.......
.......'.......
.......#.......
...#####....... ..D
...#........... ..o.
.. #....##########
....
#>...#......y@#.o...
#....#....[oFy#o....
#....'.......Dg...b.
#....#......._......
#....#..............
#....#....###.......
#....###### #.######
#....# ... #....#
....


You could see an acid dragon, a bullfrog, a gnoll bouda, 2 killer bees and an
orc.

Vanquished Creatures
  A troll (D:6)
  A water moccasin (D:6)
  A black bear (D:6)
  2 ice beasts
  2 bullfrogs
  Blork the orc (D:4)
  3 scorpions
  A killer bee (D:7)
  4 hounds
  2 orc priests
  Crazy Yiuf (D:2)
  3 jellies
  Jessica (D:3)
  A sleepcap (D:6)
  3 iguanas
  An orc wizard (D:4)
  10 adders
  7 gnolls (D:5)
  22 orcs
  7 ball pythons
  5 bats
  9 endoplasms
  10 giant cockroaches (D:2)
  5 goblins
  8 hobgoblins
  2 jackals (D:3)
  A quokka (D:4)
  7 frilled lizards
  4 kobolds
  6 rats
131 creatures vanquished.

Vanquished Creatures (others)
  3 withered plants (D:3)
3 creatures vanquished.

Grand Total: 134 creatures vanquished

Notes
Turn   | Place    | Note
-------+----------+-------------------------------------------
     0 | D:1      | IdlyInterested the Demonspawn Gladiator began the quest for
                  | the Orb.
     0 | D:1      | Reached XP level 1. HP: 16/16 MP: 1/1
   258 | D:1      | Gained mutation: You sometimes gain a little power by
                  | taking damage. [demonic ancestry]
   258 | D:1      | Reached XP level 2. HP: 22/22 MP: 2/2
   399 | D:1      | Reached skill level 1 in Stealth
  1021 | D:2      | Reached skill level 1 in Evocations
  1021 | D:2      | Gained mutation: You regenerate a little health from kills.
                  | [demonic ancestry]
  1021 | D:2      | Reached XP level 3. HP: 28/28 MP: 3/3
  1587 | D:2      | Found a runed translucent door.
  1588 | D:2      | Noticed Crazy Yiuf
  1691 | D:2      | Killed Crazy Yiuf
  1692 | D:2      | Reached skill level 3 in Short Blades
  1692 | D:2      | Reached skill level 1 in Armour
  1692 | D:2      | Reached XP level 4. HP: 20/35 MP: 4/4
  2109 | D:3      | Found a radiant altar of Vehumet.
  2179 | D:3      | Found a bloodstained altar of Trog.
  2219 | D:3      | Identified the +9 dagger of Haotora {flame, rF+ Str+2}
  2357 | D:3      | Gained mutation: You sometimes gain power by taking damage.
                  | [demonic ancestry]
  2357 | D:3      | Reached XP level 5. HP: 42/42 MP: 5/5
  2529 | D:3      | Noticed Jessica
  2531 | D:3      | Found an ancient bone altar of Kikubaaqudgha.
  2537 | D:3      | Killed Jessica
  2800 | D:4      | You fall into a shaft and drop 1 floor!
  2800 | D:5      | Entered Level 5 of the Dungeon
  2869 | D:5      | Gained mutation: You are partially covered in icy blue
                  | scales. (AC +2) [demonic ancestry]
  2869 | D:5      | Reached XP level 6. HP: 25/48 MP: 6/6
  2875 | D:5      | Reached skill level 4 in Short Blades
  3121 | D:4      | Found a staircase to the Ecumenical Temple.
  3142 | D:4      | Reached skill level 5 in Fighting
  3142 | D:4      | Gained mutation: You have large cloven feet. [demonic
                  | ancestry]
  3142 | D:4      | Reached XP level 7. HP: 56/56 MP: 7/7
  3153 | Temple   | Entered the Ecumenical Temple
  3199 | Temple   | Became a worshipper of Makhleb the Destroyer
  3293 | D:4      | Noticed Blork the orc
  3294 | D:4      | Found a shadowy altar of Dithmenos.
  3298 | D:4      | Reached skill level 1 in Invocations
  3302 | D:4      | Killed Blork the orc
  4225 | D:6      | Reached skill level 5 in Short Blades
  4251 | D:6      | Reached XP level 8. HP: 45/62 MP: 10/10
  4385 | D:6      | Reached skill level 1 in Shields
  4401 | D:6      | Reached skill level 6 in Short Blades
  4404 | D:6      | Reached * piety under Makhleb
  4452 | D:6      | Noticed a troll
  4471 | D:6      | Killed a troll
  4877 | D:7      | Found a shimmering altar of Xom.
  4890 | D:7      | Reached skill level 7 in Short Blades
  4908 | D:7      | HP: 3/62 [killer bee (8)]
  4909 | D:7      | Slain by a killer bee

Illustrated notes

Levels and vault maps discovered:
D:1:      sevenhm_arrival_forest_fort_small_3, layout_loops_ring
D:2:      minmay_roachtagon, layout_basic, uniq_crazy_yiuf_cottage
D:3:      layout_basic, lemuel_doored_altar, trog_book,
          kiku_gazebo_garden_becter, uniq_jessica
D:4:      layout_loops_ring, nicolae_dithmenos_the_darkroom,
          minmay_temple_entry_grid, uniq_blork_the_orc
D:5:      layout_rooms
D:6:      layout_rooms, dreamdust_divine_triumvirate
D:7:      layout_gridville, xom_butterflies, grunt_potential
Temple:   hellmonk_temple_of_storms

Skill      XL: |  1  2  3  4  5  6  7  8 |
---------------+-------------------------+-----
Throwing       | 2 3 4 |  4.0
Dodging        | 3 4 |  4.0
Stealth        | 1 |  1.0
Evocations     | 1 |  1.0
Fighting       | 3 4 5 |  5.0
Short Blades   | 3 4 5 7 |  7.1
Armour         | 1 |  1.0
Invocations    | 3 |  3.2
Shields        | 2 |  2.9

Action                     |  1- 3 |  4- 6 |  7- 9 || total
---------------------------+-------+-------+-------++-------
  Melee: Rapier            |   152 |    43 |       ||   195
         Dagger            |       |    90 |   118 ||   208
         Kick              |       |       |    33 ||    33
  Throw: Throwing net      |     1 |       |       ||     1
         Stone             |       |     6 |    22 ||    28
  Evoke: Wand              |     1 |       |     1 ||     2
    Use: Scroll            |     3 |     2 |     7 ||    12
         Potion            |       |       |     1 ||     1
   Stab: Sleeping          |     2 |     4 |     1 ||     7
         Held in net/web   |     1 |       |       ||     1
 Armour: Leather armour    |    49 |    27 |    30 ||   106
  Dodge: Dodged            |   153 |   117 |   136 ||   406

Table legend: (Time is in decaauts)
 A = Elapsed time spent in this place.
 B = Non-inter-level travel time spent in this place.
 C = Inter-level travel time spent in this place.
 D = Time resting spent in this place.
 E = Time spent auto-exploring this place.
 F = Levels seen in this place.
 G = Mean time per level.
                   A        B        C        D        E       F      G
               +--------+--------+--------+--------+--------+-----+--------+
         Total |   4871 |   4251 |    620 |    299 |   2548 |   8 |  608.9 |
       Dungeon |   4815 |   4195 |    620 |    299 |   2522 |   7 |  687.9 |
        Temple |     55 |     55 |      0 |      0 |     26 |   1 |   55.0 |
               +--------+--------+--------+--------+--------+-----+--------+

Top non-repeatable levels by time:
     D:2: 999 daAuts
     D:3: 951 daAuts
     D:1: 886 daAuts
     D:4: 762 daAuts
     D:5: 590 daAuts
     D:6: 557 daAuts
     D:7: 68 daAuts
  Temple: 55 daAuts
